 Dungeon Crawl Stone Soup version 0.30-a0-172-gc5509c9e31 (webtiles) character file.

Game seed: 13928652923994780068

24107 qw the Blocker (level 13, -8/80 HPs)
             Began as a Gargoyle Fighter on Oct 1, 2022.
             Was an Elder of Okawaru.
             Killed from afar by an oklob plant (13 damage)
             ... with a splash of acid
             ... on level 4 of the Lair of Beasts.
             The game lasted 00:04:26 (10610 turns).

qw the Blocker (Gargoyle Fighter)                  Turns: 10610, Time: 00:04:26

Health: -8/80      AC: 31    Str: 26    XL:     13   Next: 11%
Magic:  18/19      EV: 10    Int: 13    God:    Okawaru [****..]
Gold:   567        SH: 25    Dex: 12    Spells: 12/12 levels left

rFire   + + .      SeeInvis .    Y - +3 broad axe (freeze)
rCold   + . .      Faith    .    v - +0 tower shield
rNeg    + . .      Spirit   .    m - +8 orange crystal plate armour {Archmagi, Int+3 Clar}
rPois   inf        Reflect  +    (no helmet)
rElec   +          Harm     .    p - scarf {rC+ rF+}
rCorr   .          Rampage  .    x - +2 pair of gloves
Will    +....      Archmagi +    g - +2 pair of boots
Stlth   .......... Clarity  +    B - amulet of reflection
HPRegen 0.33/turn                f - ring "Puddotza" {rF+ Will+ Str+2 Dex+3}
MPRegen 0.16/turn                b - +4 ring of evasion

@: about to teleport, heroic, corroded
A: sickness immunity, AC +9, negative energy resistance 1, electricity
resistance, torment resistance 1, petrification resistance
a: Renounce Religion, Heroism, Finesse


You were on level 4 of the Lair of Beasts.
You worshipped Okawaru.
Okawaru was greatly pleased with you.
You visited 3 branches of the dungeon, and saw 14 of its levels.

You collected 795 gold pieces.
You spent 228 gold pieces at shops.


Innate Abilities, Weirdness & Mutations

You are immune to sickness and miasma.
Your stone body is resilient. (AC +9)
You are immune to poison.
You resist negative energy. (rN+)
You are resistant to electric shocks. (rElec)
You are resistant to unholy torment.
You are immune to petrification.


   Skills:
 - Level 9.0(14.0) Fighting
 - Level 11.0(16.0) Axes
 - Level 2.0(7.0) Throwing
 + Level 8.7(13.7) Armour
 - Level 2.2(7.2) Dodging
 - Level 13.9(18.9) Shields
 + Level 8.5 Invocations


You had 12 spell levels left.
You didn't know any spells.
Your spell library was empty.

Inventory:

Hand Weapons
 t - a +0 flail
 Y - a +3 broad axe of freezing (weapon)
Armour
 g - a +2 pair of boots (worn)
 m - the +8 orange crystal plate armour (worn) {Archmagi, Int+3 Clar}
   (Okawaru gifted it to you on level 2 of the Lair of Beasts)

   Int:       It affects your intelligence (+3).
   Clar:      It protects you against confusion.
 p - a scarf of resistance (worn)
 u - a +0 cloak
 v - a +0 tower shield (worn)
 x - a +2 pair of gloves (worn)
Jewellery
 b - a +4 ring of evasion (right hand)
 f - the ring "Puddotza" (left hand) {rF+ Will+ Str+2 Dex+3}
   (You found it on level 3 of the Dungeon)

   [ring of willpower]

   Str:       It affects your strength (+2).
   Dex:       It affects your dexterity (+3).
   rF:        It protects you from fire.
   Will:      It increases your willpower.
 i - a ring of protection from cold
 k - a ring of resist corrosion
 q - a +4 ring of protection
 B - an amulet of reflection (around neck)
Scrolls
 e - 2 scrolls of identify
 o - a scroll of teleportation
Potions
 a - 5 potions of lignification
 c - 3 potions of attraction
 d - 4 potions of might
 h - 4 potions of curing
 j - a potion of mutation
 l - 4 potions of haste
 n - 2 potions of cancellation
 r - 2 potions of heal wounds
 s - a potion of magic
 z - a potion of resistance

Dungeon Overview and Level Annotations

Branches:
Dungeon (9/15)             Temple (1/1) D:6            Lair (4/5) D:9
  Swamp (0/4) Lair:2        Snake (0/4) Lair:2        Slime (0/5) Lair:4
    Orc: D:9-12

Altars:
Ashenzari
Cheibriados
Dithmenos
Elyvilon
Fedhas
Gozag
Hepliaklqana
Kikubaaqudgha
Makhleb
Nemelex Xobeh
Okawaru
Qazlal
Ru
Sif Muna
Trog
Uskayaw
Vehumet
Wu Jian
Xom
Yredelemnul
Zin
The Shining One
Jiyva

Shops:
D:4 (   D:5 !   D:6 **   D:9 *

Annotations:
D:6 3 runed translucent doors, qw's ghost, novice GrFi


Message History

You hit the oklob plant but do no damage.
The catoblepas breathes a plume of calcifying dust at you.
The blast of calcifying dust hits you but does no damage.
You slash the oklob plant! You freeze the oklob plant.
The oklob plant is moderately damaged.
You hit the oklob plant. You freeze the oklob plant.
The oklob plant is moderately damaged.
You hit the catoblepas. You freeze the catoblepas.
The oklob plant spits acid at you.
The splash of acid hits you but does no damage.
You block the catoblepas's attack. The oklob plant spits acid at you.
The splash of acid hits you but does no damage.
You hit the oklob plant. You freeze the oklob plant.
The oklob plant is moderately damaged.
You hit the catoblepas but do no damage.
The oklob plant spits acid at you. The splash of acid hits you!
The catoblepas breathes a plume of calcifying dust at you.
The blast of calcifying dust hits you.
You completely miss the oklob plant.
The oklob plant is moderately damaged.
You hit the catoblepas but do no damage.
The oklob plant spits acid at you.
The splash of acid hits you but does no damage.
The acid corrodes you! You block the catoblepas's attack.
10609 ||| READING 2 scrolls of teleportation.
As you read the scroll of teleportation, it crumbles to dust.
You feel strangely unstable. The oklob plant spits acid at you.
The splash of acid hits you but does no damage.
The acid corrodes you! The catoblepas gores you!
You slash the oklob plant! You freeze the oklob plant.
The oklob plant is heavily damaged.
You hit the catoblepas. You freeze the catoblepas.
The oklob plant spits acid at you. The splash of acid hits you!!
The acid corrodes you! The catoblepas gores you.
The oklob plant spits acid at you. The splash of acid hits you!
You die...

#### #...###
##.....####
.#.........#
#..........#
.....>P.ยค#.## ###
....PP.@.#..###.###
....!.Y..([.......#
.................##
##...###.........##
...#...........?..#
.P ...##..........#
. . . #...........#
## #..........##
##....%....#


You could see a catoblepas and 3 oklob plants.

Vanquished Creatures
  3 hydras
  A centaur warrior (D:8)
  2 boulder beetles
  A two-headed ogre (D:8)
  Pikel (D:7)
  A cyclops (D:8)
  6 elephants (Lair:2)
  3 black mambas
  A torpor snail (Lair:1)
  6 cane toads
  An efreet (D:8)
  2 komodo dragons
  A polar bear (Lair:3)
  Grinder (D:4)
  A troll (D:8)
  Prince Ribbit (D:6)
  A slime creature (D:8)
  10 blink frogs
  3 wyverns
  26 yaks
  6 basilisks
  5 steam dragons
  2 nagas (Lair:2)
  Edmund (D:6)
  Duvessa (D:6)
  5 water moccasins
  2 orc warriors
  4 black bears
  A sky beast (D:7)
  2 centaurs (D:6)
  4 phantoms
  6 wolves (Lair:2)
  3 kobold brigands
  5 necrophages
  10 bullfrogs
  4 scorpions
  6 wights
  Dowan (D:6)
  4 electric eels
  3 howler monkeys
  3 jellies
  3 orc priests
  6 hounds
  A gnoll bouda (D:7)
  4 iguanas
  An orc wizard (D:9)
  3 gnolls (D:4)
  10 adders
  2 shadow imps
  2 white imps (D:7)
  3 ufetubi
  3 dart slugs
  A worm (D:5)
  19 orcs
  5 ball pythons
  5 endoplasms
  5 giant cockroaches
  7 goblins
  4 hobgoblins
  2 jackals (D:2)
  3 quokkas
  4 bats
  5 frilled lizards
  21 kobolds
  6 rats
  A butterfly (D:6)
276 creatures vanquished.

Vanquished Creatures (others)
  9 fungi
  12 plants
21 creatures vanquished.

Grand Total: 297 creatures vanquished

Notes
Turn   | Place    | Note
-------+----------+-------------------------------------------
     0 | D:1      | qw the Gargoyle Fighter began the quest for the Orb.
     0 | D:1      | Reached XP level 1. HP: 14/14 MP: 1/1
     0 | D:1      | 0 ||| qw: Version: 0.2-a-13-gfc7b4b4
     0 | D:1      | 0 ||| qw: Game counter: 1799
     0 | D:1      | 0 ||| qw: Always use a shield: true
     0 | D:1      | 0 ||| qw: God list: Okawaru
     0 | D:1      | 0 ||| qw: Allow faded altars: false
     0 | D:1      | 0 ||| qw: Do Orc after D:15 true
     0 | D:1      | 0 ||| qw: Do second Lair branch before Depths: true
     0 | D:1      | 0 ||| qw: Lair rune preference: random
     0 | D:1      | 0 ||| qw: Plans: Normal, Zot:1-4, God:TSO, Crypt, Tomb,
                  | Pan, Slime:5, Hells, Abyss, Orb
     0 | D:1      | 0 ||| PLANNING D:1-11
   118 | D:1      | Reached XP level 2. HP: 16/19 MP: 2/2
   404 | D:1      | Reached skill level 3 in Axes
   427 | D:1      | 427 ||| DROPPING +0 club.
   661 | D:1      | Found a faded altar of an unknown god.
  1021 | D:1      | Reached XP level 3. HP: 22/23 MP: 3/3
  1084 | D:1      | 1084 ||| READING scroll labelled TEQUOMNOJA.
  1085 | D:1      | 1085 ||| READING 2 scrolls labelled MUK XAMAUQOIR.
  1086 | D:1      | 1086 ||| READING scroll of enchant weapon.
  1086 | D:1      | 1086 ||| ENCHANTING +1 war axe.
  1087 | D:1      | 1087 ||| READING scroll labelled LIYNGA ERABUNG.
  1088 | D:1      | 1088 ||| READING scroll labelled VUENYOTWES.
  1089 | D:1      | 1089 ||| READING 2 scrolls labelled BAUNU MEGUUSY.
  1090 | D:1      | 1090 ||| READING scroll labelled XISTUGESUI.
  1091 | D:1      | 1091 ||| READING scroll labelled UZUUDA RADDOUZ.
  1092 | D:1      | 1092 ||| READING scroll labelled ULAJUD SARR.
  1093 | D:1      | 1093 ||| DROPPING scroll of fear.
  1177 | D:2      | 1177 ||| Stepping ~*~*~tactically~*~*~ (stealth).
  1232 | D:2      | Identified the +1 robe of Inaction {Int+3}
  1233 | D:2      | 1233 ||| Stepping ~*~*~tactically~*~*~ (stealth).
  1301 | D:2      | Reached XP level 4. HP: 28/28 MP: 4/4
  1383 | D:2      | 1383 ||| Stepping ~*~*~tactically~*~*~ (stealth).
  1384 | D:2      | 1384 ||| Stepping ~*~*~tactically~*~*~ (stealth).
  1385 | D:2      | 1385 ||| Stepping ~*~*~tactically~*~*~ (stealth).
  1387 | D:2      | 1387 ||| Stepping ~*~*~tactically~*~*~ (stealth).
  1702 | D:2      | 1702 ||| READING scroll labelled HOZOPN ZIMOFAX.
  1703 | D:2      | 1703 ||| READING scroll labelled NITEEM UPOM.
  1708 | D:2      | 1708 ||| READING scroll labelled UFIYCW UBIBOIS.
  1775 | D:3      | Identified the ring "Puddotza" {rF+ Will+ Str+2 Dex+3}
  1827 | D:3      | 1827 ||| READING scroll of enchant weapon.
  1827 | D:3      | 1827 ||| ENCHANTING +2 war axe.
  1920 | D:3      | Found a blossoming altar of Fedhas.
  1977 | D:3      | Identified the +1 rapier of Contention {vorpal, rF+ Will+
                  | Str+5}
  2642 | D:3      | 2642 ||| UPGRADING to +0 chain mail.
  2652 | D:3      | 2652 ||| DROPPING +0 scale mail.
  2653 | D:3      | 2653 ||| UPGRADING to scarf of resistance.
  2658 | D:3      | 2658 ||| UPGRADING to ring "Puddotza" {rF+ Will+ Str+2
                  | Dex+3}.
  2659 | D:3      | 2659 ||| DROPPING +6 ring of intelligence.
  2660 | D:3      | 2660 ||| UPGRADING to ring of resist corrosion.
  2661 | D:3      | 2661 ||| READING scroll labelled VEPROWK IX SIWE.
  2662 | D:3      | 2662 ||| DROPPING +0 whip.
  2663 | D:3      | 2663 ||| READING scroll labelled LARCHO ITAIG.
  2664 | D:3      | 2664 ||| READING 3 scrolls of identify.
  2664 | D:3      | 2664 ||| IDENTIFYING murky silvery potion
  2665 | D:3      | 2665 ||| READING 2 scrolls of identify.
  2665 | D:3      | 2665 ||| IDENTIFYING pink potion
  2697 | D:4      | Found Puyploptu's Antique Weapon Shop.
  2716 | D:4      | 2716 ||| Stepping ~*~*~tactically~*~*~ (hiding).
  2723 | D:4      | Reached XP level 5. HP: 32/32 MP: 5/5
  2785 | D:4      | Noticed Grinder
  2786 | D:4      | 2786 ||| Stepping ~*~*~tactically~*~*~ (hiding).
  2794 | D:4      | Killed Grinder
  2795 | D:4      | Reached skill level 6 in Axes
  2795 | D:4      | Reached XP level 6. HP: 29/37 MP: 6/6
  2852 | D:4      | 2852 ||| Stepping ~*~*~tactically~*~*~ (stealth).
  2853 | D:4      | 2853 ||| Stepping ~*~*~tactically~*~*~ (stealth).
  2900 | D:4      | Noticed a +0 hand axe
  2901 | D:4      | Noticed a +0 hand axe
  2919 | D:4      | Reached skill level 1 in Dodging
  2931 | D:4      | Found a hide-covered altar of Uskayaw.
  3128 | D:4      | 3128 ||| UPGRADING to +4 ring of evasion.
  3130 | D:4      | 3130 ||| READING scroll labelled CONORUE ISUECH.
  3130 | D:4      | Identified a scroll of acquirement
  3130 | D:4      | 3130 ||| ACQUIRING +2 vorpal broad axe
  3130 | D:4      | Acquired a +2 vorpal broad axe
  3132 | D:4      | 3132 ||| SWAPPING to +2 vorpal broad axe.
  3133 | D:4      | 3133 ||| READING 3 scrolls of identify.
  3133 | D:4      | 3133 ||| IDENTIFYING coppery potion
  3134 | D:4      | 3134 ||| READING 2 scrolls of identify.
  3134 | D:4      | 3134 ||| IDENTIFYING fizzy clear potion
  3135 | D:4      | 3135 ||| DROPPING potion of degeneration.
  3136 | D:4      | 3136 ||| DROPPING potion of ambrosia.
  3149 | D:5      | Entered Level 5 of the Dungeon
  3150 | D:5      | 3150 ||| STAIRDANCE
  3155 | D:5      | 3155 ||| STAIRDANCE
  3165 | D:4      | Reached XP level 7. HP: 41/41 MP: 7/7
  3409 | D:5      | Found a hazy altar of Hepliaklqana.
  3448 | D:5      | Found a glowing golden altar of the Shining One.
  3629 | D:5      | Found Icwoqopu's Distillery.
  3641 | D:5      | Reached XP level 8. HP: 50/50 MP: 8/8
  3646 | D:5      | 3646 ||| BUYING potion of curing (33 gold).
  3646 | D:5      | Bought a potion of curing for 33 gold pieces
  3646 | D:5      | 3646 ||| BUYING potion of heal wounds (55 gold).
  3646 | D:5      | Bought a potion of heal wounds for 55 gold pieces
  3646 | D:5      | 3646 ||| BUYING potion of lignification (33 gold).
  3646 | D:5      | Bought a potion of lignification for 33 gold pieces
  3646 | D:5      | 3646 ||| BUYING potion of might (44 gold).
  3646 | D:5      | Bought a potion of might for 44 gold pieces
  3762 | D:5      | 3762 ||| DROPPING ring of willpower.
  3763 | D:5      | 3763 ||| DRINKING 2 cyan potions.
  3764 | D:5      | 3764 ||| DRINKING 2 yellow potions.
  3765 | D:5      | 3765 ||| READING 2 scrolls of identify.
  3765 | D:5      | 3765 ||| IDENTIFYING fizzy grey potion
  3766 | D:5      | 3766 ||| DROPPING potion of flight.
  3805 | D:6      | Found Joericucs's Lightly-Used Armoury.
  3835 | D:6      | 3835 ||| SHOPLISTING -1 gold dragon scales (1050 gold, have
                  | 212).
  3835 | D:6      | 3835 ||| SHOPLISTING -1 pearl dragon scales (1330 gold,
                  | have 212).
  3902 | D:6      | Noticed Edmund
  3915 | D:6      | Killed Edmund
  4005 | D:6      | Noticed Duvessa
  4006 | D:6      | 4006 ||| Stepping ~*~*~tactically~*~*~ (stealth).
  4007 | D:6      | 4007 ||| Stepping ~*~*~tactically~*~*~ (stealth).
  4007 | D:6      | Noticed Dowan
  4016 | D:6      | Killed Duvessa
  4017 | D:6      | Reached skill level 6 in Fighting
  4017 | D:6      | Killed Dowan
  4056 | D:6      | Noticed Prince Ribbit
  4061 | D:6      | Killed Prince Ribbit
  4082 | D:6      | Reached skill level 9 in Axes
  4082 | D:6      | Reached XP level 9. HP: 53/55 MP: 9/9
  4126 | D:6      | Reached skill level 4 in Shields
  4193 | D:6      | 4193 ||| Stepping ~*~*~tactically~*~*~ (hiding).
  4320 | D:6      | Found Nonn's Mass Market.
  4338 | D:6      | 4338 ||| SHOPLISTING +0 crystal plate armour (1120 gold,
                  | have 274).
  4338 | D:6      | 4338 ||| BUYING +0 tower shield (63 gold).
  4338 | D:6      | Bought a +0 tower shield for 63 gold pieces
  4649 | D:6      | Found a staircase to the Ecumenical Temple.
  4650 | D:6      | 4650 ||| PLANNING TEMPLE
  4650 | D:6      | 4650 ||| UPGRADING to +0 plate armour.
  4660 | D:6      | 4660 ||| DROPPING +0 chain mail.
  4661 | D:6      | 4661 ||| UPGRADING to +0 tower shield.
  4671 | D:6      | 4671 ||| DROPPING +0 buckler.
  4672 | D:6      | 4672 ||| READING scroll labelled IBUNTARGHEH.
  4673 | D:6      | 4673 ||| READING 4 scrolls of identify.
  4673 | D:6      | 4673 ||| IDENTIFYING inky potion
  4674 | D:6      | 4674 ||| READING 3 scrolls of identify.
  4674 | D:6      | 4674 ||| IDENTIFYING fizzy pink potion
  4675 | D:6      | 4675 ||| DROPPING potion of brilliance.
  4681 | Temple   | Entered the Ecumenical Temple
  4886 | Temple   | 4886 ||| PLANNING D:1-11
  4989 | D:6      | Found a runed translucent gate.
  4989 | D:6      | Found a runed translucent gate.
  4989 | D:6      | Found a runed translucent gate.
  4989 | D:6      | Noticed qw's ghost (novice GrFi)
  4990 | D:6      | Noticed qw's ghost (novice GrFi)
  5121 | D:7      | Reached skill level 5 in Shields
  5126 | D:7      | Reached skill level 6 in Shields
  5240 | D:7      | Noticed Pikel
  5240 | D:7      | 5240 ||| Stepping ~*~*~tactically~*~*~ (stealth).
  5251 | D:7      | Killed Pikel
  5252 | D:7      | Reached skill level 8 in Shields
  5252 | D:7      | Reached XP level 10. HP: 55/63 MP: 10/10
  5254 | D:7      | 5254 ||| FLEEEEING.
  5255 | D:7      | 5255 ||| FLEEEEING.
  5256 | D:7      | 5256 ||| FLEEEEING.
  5306 | D:7      | 5306 ||| Stepping ~*~*~tactically~*~*~ (stealth).
  5334 | D:7      | Reached skill level 9 in Shields
  5489 | D:7      | 5489 ||| READING scroll of enchant armour.
  5489 | D:7      | 5489 ||| ENCHANTING +0 plate armour.
  5615 | D:7      | Found a flagged portal.
  5621 | D:7      | 5621 ||| Stepping ~*~*~tactically~*~*~ (water).
  5795 | D:7      | 5795 ||| UPGRADING to +0 pair of boots.
  5800 | D:7      | 5800 ||| READING 5 scrolls of identify.
  5800 | D:7      | 5800 ||| IDENTIFYING purple potion
  5844 | D:8      | 5844 ||| STAIRDANCE
  5941 | D:8      | 5941 ||| FLEEEEING.
  5942 | D:8      | 5942 ||| FLEEEEING.
  5945 | D:8      | Noticed a two-headed ogre
  5946 | D:8      | 5946 ||| Stepping ~*~*~tactically~*~*~ (hiding).
  5952 | D:8      | Killed a two-headed ogre
  5953 | D:8      | Reached skill level 10 in Shields
  5958 | D:8      | Noticed a centaur warrior
  5960 | D:8      | Reached skill level 1 in Throwing
  5963 | D:8      | Noticed a six-headed hydra
  5964 | D:8      | 5964 ||| SWAPPING to +3 war axe of flaming.
  5965 | D:8      | HP: 14/63 [kobold brigand/+0 dagger (2)]
  5966 | D:8      | 5966 ||| READING 3 scrolls of teleportation.
  5967 | D:8      | 5967 ||| DRINKING 3 potions of heal wounds.
  5969 | D:8      | 5969 ||| SWAPPING to +2 vorpal broad axe.
  6097 | D:8      | 6097 ||| SWAPPING to +3 war axe of flaming.
  6102 | D:8      | Killed a two-headed hydra
  6103 | D:8      | 6103 ||| SWAPPING to +2 vorpal broad axe.
  6126 | D:8      | 6126 ||| Stepping ~*~*~tactically~*~*~ (stealth).
  6145 | D:8      | Noticed a cyclops
  6146 | D:8      | 6146 ||| FLEEEEING.
  6152 | D:8      | Killed a cyclops
  6153 | D:8      | Reached skill level 11 in Shields
  6217 | D:8      | Reached XP level 11. HP: 51/67 MP: 11/11
  6239 | D:8      | Killed a centaur warrior
  6240 | D:8      | Reached skill level 12 in Shields
  6392 | D:8      | Identified the +3 whip "Nipezybi" {drain, rF+}
  6509 | D:8      | 6509 ||| Stepping ~*~*~tactically~*~*~ (stealth).
  6711 | D:8      | 6711 ||| READING 5 scrolls of identify.
  6711 | D:8      | 6711 ||| IDENTIFYING smoky blue potion
  6712 | D:8      | 6712 ||| DROPPING potion of berserk rage.
  6761 | D:9      | 6761 ||| Stepping ~*~*~tactically~*~*~ (stealth).
  6764 | D:9      | 6764 ||| Stepping ~*~*~tactically~*~*~ (stealth).
  6767 | D:9      | 6767 ||| Stepping ~*~*~tactically~*~*~ (stealth).
  6773 | D:9      | 6773 ||| Stepping ~*~*~tactically~*~*~ (stealth).
  6774 | D:9      | 6774 ||| Stepping ~*~*~tactically~*~*~ (stealth).
  6786 | D:9      | 6786 ||| Stepping ~*~*~tactically~*~*~ (hiding).
  6852 | D:9      | 6852 ||| READING scroll of enchant armour.
  6852 | D:9      | 6852 ||| ENCHANTING +0 pair of boots.
  6859 | D:9      | Found Gozag's Platinum Reserve.
  6860 | D:9      | Found an opulent altar of Gozag.
  6877 | D:9      | Found an iron altar of Okawaru.
  6878 | D:9      | 6878 ||| PLANNING OKAWARU WORSHIP
  6878 | D:9      | 6878 ||| READING 4 scrolls of identify.
  6878 | D:9      | 6878 ||| IDENTIFYING golden potion
  6879 | D:9      | 6879 ||| DROPPING potion of magic.
  6894 | D:9      | Became a worshipper of Warmaster Okawaru
  6895 | D:9      | 6895 ||| PLANNING D:1-11
  6928 | D:9      | 6928 ||| SHOPLISTING ring of the Mutiny {Str+8 SInv} (3880
                  | gold, have 315).
  6954 | D:9      | 6954 ||| Stepping ~*~*~tactically~*~*~ (stealth).
  6956 | D:9      | 6956 ||| Stepping ~*~*~tactically~*~*~ (hiding).
  6980 | D:9      | Found a burning altar of Makhleb.
  7020 | D:9      | 7020 ||| Stepping ~*~*~tactically~*~*~ (hiding).
  7070 | D:9      | 7070 ||| READING scroll of enchant armour.
  7070 | D:9      | 7070 ||| ENCHANTING +1 pair of boots.
  7132 | D:9      | Found a staircase to the Lair.
  7252 | D:9      | 7252 ||| PLANNING LAIR
  7252 | D:9      | 7252 ||| UPGRADING to +1 pair of gloves.
  7293 | Lair:1   | Entered Level 1 of the Lair of Beasts
  7326 | Lair:1   | 7326 ||| Stepping ~*~*~tactically~*~*~ (stealth).
  7327 | Lair:1   | 7327 ||| Stepping ~*~*~tactically~*~*~ (hiding).
  7330 | Lair:1   | 7330 ||| Stepping ~*~*~tactically~*~*~ (stealth).
  7332 | Lair:1   | Reached * piety under Okawaru
  7333 | Lair:1   | Reached skill level 6 in Armour
  7333 | Lair:1   | 7333 ||| INVOKING Heroism.
  7338 | Lair:1   | Reached skill level 1 in Invocations
  7344 | Lair:1   | 7344 ||| INVOKING Heroism.
  7499 | Lair:1   | 7499 ||| Stepping ~*~*~tactically~*~*~ (stealth).
  7501 | Lair:1   | 7501 ||| Stepping ~*~*~tactically~*~*~ (stealth).
  7502 | Lair:1   | 7502 ||| Stepping ~*~*~tactically~*~*~ (stealth).
  7504 | Lair:1   | 7504 ||| Stepping ~*~*~tactically~*~*~ (stealth).
  7505 | Lair:1   | 7505 ||| Stepping ~*~*~tactically~*~*~ (stealth).
  7506 | Lair:1   | 7506 ||| Stepping ~*~*~tactically~*~*~ (stealth).
  7509 | Lair:1   | 7509 ||| INVOKING Heroism.
  7513 | Lair:1   | Reached skill level 3 in Invocations
  7520 | Lair:1   | Reached ** piety under Okawaru
  7573 | Lair:1   | 7573 ||| INVOKING Heroism.
  7627 | Lair:1   | 7627 ||| Stepping ~*~*~tactically~*~*~ (hiding).
  7771 | Lair:1   | 7771 ||| Stepping ~*~*~tactically~*~*~ (stealth).
  7772 | Lair:1   | 7772 ||| INVOKING Heroism.
  7775 | Lair:1   | 7775 ||| Stepping ~*~*~tactically~*~*~ (stealth).
  7780 | Lair:1   | Reached skill level 13 in Shields
  7824 | Lair:1   | 7824 ||| Stepping ~*~*~tactically~*~*~ (hiding).
  7826 | Lair:1   | 7826 ||| Stepping ~*~*~tactically~*~*~ (hiding).
  7975 | Lair:1   | 7975 ||| INVOKING Heroism.
  8105 | Lair:1   | Noticed a boulder beetle
  8106 | Lair:1   | 8106 ||| INVOKING Heroism.
  8124 | Lair:1   | Killed a boulder beetle
  8124 | Lair:1   | Reached *** piety under Okawaru
  8352 | Lair:1   | 8352 ||| DROPPING amulet of magic regeneration.
  8353 | Lair:1   | 8353 ||| UPGRADING to amulet of reflection.
  8358 | Lair:1   | 8358 ||| READING scroll labelled ISSE FUKLIPYBB.
  8459 | Lair:1   | 8459 ||| READING 3 scrolls of identify.
  8459 | Lair:1   | 8459 ||| IDENTIFYING white potion
  8517 | Lair:2   | Found a staircase to the Swamp.
  8528 | Lair:2   | 8528 ||| READING scroll of enchant armour.
  8528 | Lair:2   | 8528 ||| ENCHANTING +1 pair of gloves.
  8541 | Lair:2   | Noticed a boulder beetle
  8542 | Lair:2   | 8542 ||| INVOKING Heroism.
  8552 | Lair:2   | Killed a boulder beetle
  8553 | Lair:2   | Reached XP level 12. HP: 69/73 MP: 13/15
  8568 | Lair:2   | 8568 ||| READING scroll of brand weapon.
  8568 | Lair:2   | 8568 ||| BRANDING +2 vorpal broad axe.
  8569 | Lair:2   | 8569 ||| DROPPING +3 war axe of flaming.
  8599 | Lair:2   | Found a staircase to the Snake Pit.
  8600 | Lair:2   | 8600 ||| Stepping ~*~*~tactically~*~*~ (hiding).
  8636 | Lair:2   | 8636 ||| INVOKING Heroism.
  8816 | Lair:2   | 8816 ||| Stepping ~*~*~tactically~*~*~ (stealth).
  8820 | Lair:2   | 8820 ||| INVOKING Heroism.
  8826 | Lair:2   | Reached **** piety under Okawaru
  8885 | Lair:2   | 8885 ||| READING scroll of brand weapon.
  8885 | Lair:2   | 8885 ||| BRANDING +2 broad axe of flaming.
  8897 | Lair:2   | 8897 ||| READING scroll of enchant weapon.
  8897 | Lair:2   | 8897 ||| ENCHANTING +2 broad axe of freezing.
  8935 | Lair:2   | Noticed a five-headed hydra
  8936 | Lair:2   | 8936 ||| INVOKING Heroism.
  8958 | Lair:2   | Killed an 18-headed hydra
  9328 | Lair:2   | 9328 ||| READING scroll of enchant armour.
  9328 | Lair:2   | 9328 ||| ENCHANTING +1 plate armour.
  9693 | Lair:3   | 9693 ||| STAIRDANCE
  9695 | Lair:2   | 9695 ||| INVOKING Heroism.
  9697 | Lair:2   | Reached skill level 9 in Fighting
  9701 | Lair:2   | Reached skill level 6 in Invocations
  9724 | Lair:3   | 9724 ||| STAIRDANCE
  9727 | Lair:2   | Reached ***** piety under Okawaru
  9728 | Lair:2   | 9728 ||| INVOKING Heroism.
  9799 | Lair:3   | 9799 ||| STAIRDANCE
  9801 | Lair:2   | 9801 ||| INVOKING Heroism.
  9812 | Lair:2   | Received a gift from Okawaru
  9812 | Lair:2   | Found the +8 orange crystal plate armour {Archmagi, Int+3
                  | Clar}
  9825 | Lair:2   | 9825 ||| UPGRADING to +8 orange crystal plate armour
                  | {Archmagi, Int+3 Clar}.
  9835 | Lair:2   | 9835 ||| DROPPING +2 plate armour.
  9836 | Lair:2   | 9836 ||| DROPPING +1 chain mail of fire resistance.
  9920 | Lair:3   | 9920 ||| Stepping ~*~*~tactically~*~*~ (stealth).
  9925 | Lair:3   | 9925 ||| Stepping ~*~*~tactically~*~*~ (stealth).
  9932 | Lair:3   | 9932 ||| INVOKING Heroism.
 10005 | Lair:3   | 10005 ||| INVOKING Heroism.
 10073 | Lair:3   | 10073 ||| INVOKING Heroism.
 10105 | Lair:3   | 10105 ||| INVOKING Heroism.
 10112 | Lair:3   | Reached XP level 13. HP: 70/80 MP: 16/18
 10520 | Lair:4   | 10520 ||| INVOKING Heroism.
 10521 | Lair:4   | 10521 ||| SWAPPING to +0 flail.
 10529 | Lair:4   | 10529 ||| SWAPPING to +3 broad axe of freezing.
 10532 | Lair:4   | 10532 ||| Stepping ~*~*~tactically~*~*~ (hiding).
 10554 | Lair:4   | Found a staircase to the Slime Pits.
 10555 | Lair:4   | 10555 ||| INVOKING Heroism.
 10556 | Lair:4   | 10556 ||| INVOKING Finesse.
 10557 | Lair:4   | Found a viscous altar of Jiyva.
 10577 | Lair:4   | 10577 ||| Stepping ~*~*~tactically~*~*~ (stealth).
 10601 | Lair:4   | 10601 ||| INVOKING Heroism.
 10609 | Lair:4   | 10609 ||| READING 2 scrolls of teleportation.
 10610 | Lair:4   | HP: 8/80 [oklob plant/splash of acid (22)]
 10610 | Lair:4   | Killed from afar by an oklob plant

Levels and vault maps discovered:
D:1:      elethiomel_arrival_shortcut, layout_basic,
          chequers_ecumenical_altar_grove, amcnicky_mini_pool_small
D:2:      layout_loops_cross
D:3:      layout_basic, fedhas_altar_fruit_tree
D:4:      layout_cave_pools, dancing_weapons_uskayaw, serial_shops, shop,
          uniq_grinder
D:5:      layout_rooms, marbit_many_paths, lemuel_doored_altar, serial_shops,
          shop, grunt_ministairs_14
D:6:      layout_loops_ring, minmay_temple_entry_butterflies,
          gammafunk_ghost_cemetery, minmay_shop_mass, minmay_shop_damaged,
          minmay_joined_circles, uniq_edmund, uniq_prince_ribbit1, uniq_duvessa
D:7:      layout_rooms, enter_bailey_4, minmay_fractal_squares_diagonal_5,
          uniq_pikel
D:8:      minmay_tri_box, layout_rooms
D:9:      layout_rooms, overflow_temple_1_default,
          mainiacjoe_overflow_surrounded_room, nicolae_gozag_zags_fifth_avenue,
          grunt_lair_entry_orc_guard_hut
Temple:   regret_index_temple_generic_petals
Lair:1:   layout_regular_city, nzn_sisyphean_effort,
          infiniplex_staircase_pool_2, grunt_megastairs_2
Lair:2:   layout_regular_city, swamp_mist, guppyfry_snake_entry_garden,
          serial_bayou_lake_a
Lair:3:   layout_hall_layers, infiniplex_staircase_pool
Lair:4:   layout_roguey, minmay_slime_entry_oklob_open

Skill      XL: |  1  2  3  4  5  6  7  8  9 10 11 12 13 |
---------------+----------------------------------------+-----
Axes           | 2 3 4 6 7 9 10 11 | 11.0
Dodging        | 1 2 |  2.2
Fighting       | 5 6 7 8 9 |  9.0
Shields        | 8 11 13 | 13.9
Armour         | 4 5 7 8 |  8.7
Throwing       | 1 2 |  2.0
Invocations    | 4 7 8 |  8.5

Action                   |  1- 3 |  4- 6 |  7- 9 | 10-12 | 13-15 || total
-------------------------+-------+-------+-------+-------+-------++-------
Melee: War axe           |   118 |    85 |       |     6 |       ||   209
       Broad axe         |       |     9 |   197 |   421 |    29 ||   656
       Flail             |       |       |       |       |     6 ||     6
Throw: Boomerang         |       |       |       |    38 |       ||    38
       Javelin           |       |       |       |    11 |       ||    11
Invok: Heroism           |       |       |       |    18 |     3 ||    21
       Finesse           |       |       |       |       |     1 ||     1
  Use: Scroll            |     9 |    11 |     4 |    14 |     1 ||    39
       Potion            |       |       |     2 |     1 |       ||     3
Armor: Scale mail        |    73 |    21 |       |       |       ||    94
       Chain mail        |       |    16 |    97 |       |       ||   113
       Plate armour      |       |       |    25 |   215 |       ||   240
       Crystal plate arm |       |       |       |     8 |    14 ||    22
Dodge: Dodged            |    49 |    34 |   116 |   155 |     7 ||   361
Block: Buckler           |    18 |    25 |    47 |       |       ||    90
       Tower shield      |       |       |    24 |   473 |    28 ||   525
       Reflection        |       |       |       |     3 |       ||     3

Table legend:
 A = Non-vault XP
 B = Vault XP
 C = Vault XP percentage of total XP
 D = Non-vault monster count
 E = Vault monster count
 F = Vault count percentage of total count
                 A         B        C        D         E       F
            +---------+---------+-------+---------+---------+-------
      Total |   24635 |    9804 |  28.5 |     219 |      56 |  20.4
            +---------+---------+-------+---------+---------+-------
        D:1 |      40 |       0 |   0.0 |      25 |       0 |   0.0
        D:2 |      73 |       0 |   0.0 |      15 |       0 |   0.0
        D:3 |      32 |       0 |   0.0 |      13 |       0 |   0.0
        D:4 |     184 |     298 |  61.8 |      17 |       2 |  10.5
        D:5 |     583 |      16 |   2.7 |      12 |       2 |  14.3
        D:6 |     889 |    1529 |  63.2 |      12 |      18 |  60.0
        D:7 |    1278 |    1188 |  48.2 |      16 |      13 |  44.8
        D:8 |    1044 |    3139 |  75.0 |      16 |       6 |  27.3
        D:9 |     730 |     689 |  48.6 |      18 |       5 |  21.7
     Lair:1 |    3567 |    2613 |  42.3 |      16 |       8 |  33.3
     Lair:2 |   10392 |     332 |   3.1 |      36 |       2 |   5.3
     Lair:3 |    4180 |       0 |   0.0 |      19 |       0 |   0.0
     Lair:4 |    1643 |       0 |   0.0 |       4 |       0 |   0.0
            +---------+---------+-------+---------+---------+-------
